cohdb
Replays
Latest Replays
All Replays
Popular Replays
Top Player Replays
Match Explorer
How It Works
Community
CoH3 Stats
Reddit
Sign in to upload your games and track your stats! →
Sign in with Steam
Match 44732588
Unlisted
Match 44732588
Overview
Messages
Build Orders
End
Construct Section Command Post
Infantry Section
Infantry Section
Infantry Section
Selects Indian Artillery Battlegroup
Construct Field Infirmary
Vickers Machine Gun Team
Construct Platoon Command Post
Selects Valour
Selects Gurkha Rifles Section
Humber Armored Car
Gurkha Rifles Section
ML 3-inch Mortar Team
Selects Volunteer Infantry
Construct Company Command Post
Construct Company Command Post
6-pounder Anti-tank Gun Team
Construct Company Command Post
Crusader II Medium Tank
Crusader II Medium Tank
Selects Artillery Saturation
Selects Off-map Airburst Barrage
Selects Perimeter Monitor
Crusader II Medium Tank
pie
咚咚锵个腿
0
0
Comments
sign in to comment!
No comments posted yet!